 Dungeon Crawl Stone Soup version 0.28-a0-1389-gc726bef33b (webtiles) character file.

Game seed: 5716298486370882426

23 eustatius the Stinger (level 2, -3/20 HPs)
             Began as a Demonspawn Venom Mage on Jan 4, 2022.
             Was a Follower of Sif Muna.
             Slain by an adder (4 damage)
             ... on level 2 of the Dungeon.
             The game lasted 00:13:27 (1476 turns).

eustatius the Stinger (Demonspawn Venom Mage)       Turns: 1476, Time: 00:13:29

Health: -3/20      AC:  2    Str:  8    XL:     2   Next: 72%
Magic:  3/5        EV: 12    Int: 16    God:    Sif Muna [*.....]
Gold:   51         SH:  0    Dex: 13    Spells: 4/5 levels left

rFire   . . .      SeeInvis .   c - +0 falchion
rCold   . . .      Faith    .   (no shield)
rNeg    . . .      Spirit   .   a - +0 robe
rPois   .          Reflect  .   (helmet restricted)
rElec   .          Harm     .   (no cloak)
rCorr   .          Rampage  .   (no gloves)
Will    .....                   (no boots)
Stlth   ++........              (no amulet)
HPRegen 0.06/turn               (no ring)
MPRegen 0.09/turn               (no ring)

@: lethally poisoned (-3 -> -7)
A: horns 1
a: Renounce Religion, Channel Magic


You were on level 2 of the Dungeon.
You worshipped Sif Muna.
Sif Muna was aware of your devotion.
You visited 1 branch of the dungeon, and saw 2 of its levels.

You collected 51 gold pieces.

Inventory:

Hand Weapons
 b - a +0 whip
 c - a +0 falchion (weapon)
Armour
 a - a +0 robe (worn)
Scrolls
 f - a scroll of amnesia {unknown}
 g - a scroll of teleportation {unknown}
 h - a scroll of vulnerability {unknown}
 j - a scroll of noise {unknown}
Potions
 d - a potion of magic {unknown}
 e - a potion of heal wounds {unknown}
 i - a potion of curing {unknown}


   Skills:
 + Level 0.3 Fighting
 * Level 0.5 Long Blades
 * Level 2.2 Dodging
 + Level 2.0 Stealth
 + Level 2.1 Spellcasting
 - Level 0.8 Transmutations
 + Level 3.2 Poison Magic


You had 4 spell levels left.
You knew the following spells:

 Your Spells              Type           Power      Damage    Failure   Level
a - Sting                 Tmut/Pois      32%        1d4       9%          1

Your spell library contained the following spells:

 Spells                   Type           Power      Damage    Failure   Level
 Poisonous Vapours        Pois/Air       12%        N/A       16%         2
 Static Discharge         Conj/Air       1%         N/A       30%         2
 Mephitic Cloud           Conj/Pois/Air  5%         N/A       36%         3
 Olgreb's Toxic Radiance  Pois           12%        N/A       47%         4
 Lightning Bolt           Conj/Air       0%         1d11      99%         5
 Maxwell's Capacitive Co  Air            0%         ∞         100%        8


Dungeon Overview and Level Annotations

Branches:
Dungeon (2/15)

Altars:
Sif Muna


Innate Abilities, Weirdness & Mutations

You have a pair of small horns on your head.


Message History

The dart slug is lightly wounded.
You kill the dart slug!
Sif Muna accepts your kill.
You see here a dart slug corpse.
Found 10 poisoned darts.
An adder comes into view.
The adder hisses angrily.
You see here 10 poisoned darts.
The adder bites you.
You are poisoned.
The adder poisons you! The adder bites you.
You are lethally poisoned!
The adder poisons you!
* * * LOW HITPOINT WARNING * * *
You feel very sick.
* * * LOW HITPOINT WARNING * * *
You feel sick.
Casting: Sting (safe; 9% risk of failure)
Confirm with . or Enter, or press ? or * to list all spells.
You don't know that spell.
Unknown command.
Casting: Sting (safe; 9% risk of failure)
Confirm with . or Enter, or press ? or * to list all spells.
Aiming: Sting (safe; 9% risk of failure)
Press: ? - help, Shift-Dir - straight line, f - adder
Aim: an adder (48% to hit)
The sting hits the adder.
The adder is poisoned.
The adder is moderately wounded.
* * * LOW HITPOINT WARNING * * *
You feel sick. The adder bites you but does no damage.
Casting: Sting (safe; 9% risk of failure)
Confirm with . or Enter, or press ? or * to list all spells.
Aiming: Sting (safe; 9% risk of failure)
Press: ? - help, Shift-Dir - straight line, f/p - adder
Aim: an adder (heavily wounded, poisoned, 48% to hit)
The sting hits the adder.
The adder looks even sicker.
The adder is heavily wounded.
* * * LOW HITPOINT WARNING * * *
You feel sick. The adder barely misses you. The adder bites you.
You die...

....### #..### ##.##
#.... #†# +...### #.#
#.....# #.# #..#.#.#
#.# #.(....# #.# ###
#.##.###
#.#####.#######S##.####
#..............@.......
#########..........#.##
############


You could see an adder (very poisoned).

Vanquished Creatures
  A dart slug (D:2)
  2 bats (D:1)
  3 endoplasms (D:1)
  2 giant cockroaches (D:1)
  2 quokkas (D:1)
  3 ball pythons
  A frilled lizard (D:1)
  A goblin (D:1)
  4 kobolds (D:1)
  2 rats (D:1)
21 creatures vanquished.

Vanquished Creatures (others)
  2 plants (D:1)
2 creatures vanquished.

Grand Total: 23 creatures vanquished

Notes
Turn   | Place    | Note
-------+----------+-------------------------------------------
     0 | D:1      | eustatius the Demonspawn Venom Mage began the quest for the
                  | Orb.
     0 | D:1      | Reached XP level 1. HP: 13/13 MP: 3/3
   494 | D:1      | Gained mutation: You have a pair of small horns on your
                  | head. [demonic ancestry]
   494 | D:1      | Reached XP level 2. HP: 9/19 MP: 5/5
  1210 | D:1      | Found a faded altar of an unknown god.
  1228 | D:1      | Prayed at the altar of an unknown god.
  1228 | D:1      | Became a worshipper of Sif Muna the Loreminder
  1228 | D:1      | Reached * piety under Sif Muna
  1476 | D:2      | HP: 1/20 [poisoned by an adder]
  1476 | D:2      | Slain by an adder

Illustrated notes

Levels and vault maps discovered:
D:1:      wander_arrival_abandoned_jail, layout_loops_cross,
          dilly_ecumenical_altar_fadedgnrine, st_stairs_12
D:2:      layout_loops_ring, basic_altar, kennysheep_generic_room_8

Skill      XL: |  1 |
---------------+----+-----
Dodging        | 2 |  2.2
Stealth        | 2 |  2.0
Fighting       | |  0.3
Long Blades    | |  0.5
Spellcasting   | |  2.1
Transmutations | |  0.8
Poison Magic   | |  3.2

Action                   || total
-------------------------++-------
Melee: Falchion          ||    39
       Headbutt          ||     1
 Cast: Sting             ||    14
 Stab: Sleeping          ||     2
Armor: Robe              ||    11
Dodge: Dodged            ||    27

Table legend: (Time is in decaauts)
 A = Elapsed time spent in this place.
 B = Non-inter-level travel time spent in this place.
 C = Inter-level travel time spent in this place.
 D = Time resting spent in this place.
 E = Time spent auto-exploring this place.
 F = Levels seen in this place.
 G = Mean time per level.
                   A        B        C        D        E       F      G
               +--------+--------+--------+--------+--------+-----+--------+
         Total |   1485 |   1348 |    137 |    199 |    536 |   2 |  742.5 |
       Dungeon |   1485 |   1348 |    137 |    199 |    536 |   2 |  742.5 |
               +--------+--------+--------+--------+--------+-----+--------+

Top non-repeatable levels by time:
     D:1: 1327 daAuts
     D:2: 157 daAuts
